 Dungeon Crawl Stone Soup version 0.31-a0-977-gc230f8ef24 (webtiles) character file.

Game seed: 6284341841427112496

12362 Spaninq the Arsonist (level 11, -14/90 HPs)
             Began as a Red Draconian Fire Elementalist on Oct 30, 2023.
             Was a Priest of Qazlal.
             Demolished by a boulder beetle (50 damage)
             ... on level 11 of the Dungeon.
             The game lasted 00:50:46 (15220 turns).

Spaninq the Arsonist (DrFE)                        Turns: 15220, Time: 00:50:47

Health: -14/90     AC: 10    Str: 12    XL:     11   Next: 61%
Magic:  6/22       EV: 13    Int: 19    God:    Qazlal [***...]
Gold:   699        SH:  8    Dex: 14    Spells: 13/25 levels left

rFire   + + .        w - +1 whip (flame)
rCold   x . .        (no shield)
rNeg    . . .        (body armour unavailable)
rPois   .            (helmet restricted)
rElec   .            (no cloak)
rCorr   .            u - +2 pair of gloves
SInv    .            (no boots)
Will    .....        n - amulet of Acruwo {Reflect Harm Dex+3 SH+5}
Stlth   +            C - +4 ring of slaying
HPRegen 0.35/turn    L - ring of fire
MPRegen 0.18/turn

%: harm (+30% outgoing, +20% incoming), reflection
@: studying Polearms
A: breathe fire, AC +7, unfitting armour, fire resistance 1, cold-blooded
a: Breathe Fire, Renounce Religion, Upheaval, Elemental Force


You were on level 11 of the Dungeon.
You worshipped Qazlal.
Qazlal was most pleased with you.
You visited 2 branches of the dungeon, and saw 12 of its levels.
You also visited: Sewer.

You collected 699 gold pieces.

Inventory:

Hand Weapons
 f - a +0 quarterstaff
 j - a +2 whip of electrocution
 w - a +1 whip of flaming (weapon)
Missiles
 E - a throwing net
Armour
 u - a +2 pair of gloves (worn)
Jewellery
 n - the amulet of Acruwo (around neck) {Reflect Harm Dex+3 SH+5}
   (You found it on level 7 of the Dungeon)

   [amulet of reflection]

   Reflect:   It reflects blocked missile attacks.
   Dex+3:     It affects your dexterity (+3).
   SH+5:      It affects your SH (+5).
   Harm:      It increases damage dealt and taken.
 r - a ring of protection from fire
 y - a ring of wizardry
 A - a +6 ring of dexterity
 C - a +4 ring of slaying (left hand)
 F - a ring of resist corrosion
 H - a ring of poison resistance
 L - a ring of fire (right hand)
Wands
 i - a wand of iceblast (14)
 o - a wand of flame (6)
 p - a wand of polymorph (6)
 D - a wand of mindburst (7)
 I - a wand of digging (13)
 K - a wand of charming (3)
Scrolls
 b - a scroll of fear
 d - 3 scrolls of poison
 k - 3 scrolls of identify
 l - 3 scrolls of fog
 s - a scroll of amnesia
 v - 3 scrolls of blinking
 G - 2 scrolls of teleportation
 J - a scroll of enchant weapon
Potions
 a - a potion of magic
 c - 5 potions of attraction
 e - 3 potions of heal wounds
 g - 5 potions of curing
 h - a potion of mutation
 m - a potion of berserk rage
 q - a potion of lignification
 t - 2 potions of brilliance
 x - 3 potions of cancellation
 z - 5 potions of haste
 B - 3 potions of might


   Skills:
 + Level 6.3 Fighting
 + Level 3.9 Dodging
 - Level 1.7 Stealth
 + Level 7.6 Spellcasting
 + Level 10.9 Conjurations
 + Level 13.3 Fire Magic
 + Level 2.2 Invocations


You had 13 spell levels left.
You knew the following spells:

 Your Spells              Type           Power      Damage    Failure   Level
a - Foxfire               Conj/Fire      100%       2x1d9     1%          1
b - Scorch                Fire           100%       2d9       1%          2
c - Flame Wave            Conj/Fire      68%        2d15      1%          4
d - Blink                 Tloc           14%        N/A       14%         2
e - Inner Flame           Hex/Fire       48%        N/A       1%          3

Your spell library contained the following spells:

 Spells                   Type           Power      Damage    Failure   Level
 Volatile Blastmotes      Fire/Tloc      96%        2d18      1%          3
 Hailstorm                Conj/Ice       27%        3d7       3%          3
 Cigotuvi's Dreadful Rot  Necr/Pois/Air  14%        N/A       14%         2
 Dispel Undead            Necr           7%         3d8       67%         4
 Manifold Assault         Tloc           7%         N/A       67%         4
 Summon Ice Beast         Ice/Summ       7%         N/A       67%         4
 Death Channel            Necr           3%         N/A       100%        6
 Simulacrum               Ice/Necr       3%         N/A       100%        6


Dungeon Overview and Level Annotations

Branches:
Dungeon (11/15)            Temple (1/1) D:5            Lair (0/5) D:8
    Orc (0/2) D:11          Sewer (visited)

Altars:
Ashenzari
Cheibriados
Dithmenos
Elyvilon
Fedhas
Gozag
Hepliaklqana
Kikubaaqudgha
Makhleb
Nemelex Xobeh
Okawaru
Qazlal
Ru
Sif Muna
Trog
Uskayaw
Vehumet
Wu Jian
Xom
Yredelemnul
Zin
The Shining One


Innate Abilities, Weirdness & Mutations

You can breathe blasts of fire.
Your fiery red scales are hard. (AC +7)
You cannot fit into any form of body armour.
Your flesh is heat resistant. (rF+)
You are cold-blooded and may be slowed by cold attacks.


Message History

The boulder beetle is lightly wounded. (Press . to intensify the flame waves.)
You block the boulder beetle's attack.
A wave of flame ripples out!
The flame wave engulfs the boulder beetle but does no damage.
The boulder beetle is lightly wounded.
The boulder beetle bites you.
A wave of flame ripples out!
The flame wave engulfs the boulder beetle!
The boulder beetle is burned terribly!
The boulder beetle is moderately wounded.
You finish channelling waves of flame.
The boulder beetle is no longer more vulnerable to fire.
You block the boulder beetle's attack.
Casting: Flame Wave (mildly dangerous; 1% risk of failure)
Confirm with . or Enter, or press ? or * to list all spells.
You feel a surge of power!
Flames lash the boulder beetle but do no damage.
The boulder beetle bites you.
Casting: Scorch (safe; 1% risk of failure)
Confirm with . or Enter, or press ? or * to list all spells.
You feel a surge of power!
Flames lash the boulder beetle but do no damage.
The boulder beetle bites you!!
Casting: Scorch (safe; 1% risk of failure)
Confirm with . or Enter, or press ? or * to list all spells.
You feel a surge of power!
Flames lash the boulder beetle but do no damage.
The boulder beetle closely misses you.
Casting: Scorch (safe; 1% risk of failure)
Confirm with . or Enter, or press ? or * to list all spells.
You feel a surge of power!
Flames lash the boulder beetle.
The boulder beetle is moderately wounded.
The boulder beetle's fire resistance burns away.
The boulder beetle leaps!
The boulder beetle curls into a ball and begins rolling!
There is a stone staircase leading up here.
The boulder beetle hits you!!!
Ouch! That really hurt!
You die...

....#............ .
#................
#................#
#................#
..................##..
...................#..#
#.##..................
.#................#
..#.....@........#
#......☼.B.......#
..........○......#
.##........°.....# ##
##...#...°....### .
##.......###...## .#
##..##### #....#...#.
#....## #.###...##.
#.#)..## ##.# #.....


You could see a boulder beetle (rolling, combustible).

Vanquished Creatures
  4 two-headed ogres
  2 komodo dragons (D:11)
  4 trolls
  A hornet (D:9)
  Grinder (D:5)
  Eustachio (D:5)
  20 yaks
  2 wyverns
  Grum (D:8)
  2 steam dragons
  A basilisk (D:8)
  An acid dragon (D:8)
  2 water moccasins (D:6)
  An orc warrior (D:7)
  6 ice beasts
  A black bear (D:8)
  2 ogres
  2 wolves
  4 centaurs
  A phantom (D:4)
  3 kobold brigands
  5 bullfrogs
  2 gnoll sergeants (D:8)
  A scorpion (D:4)
  7 wights
  8 killer bees
  3 electric eels (D:6)
  2 howler monkeys
  4 hounds
  3 jellies
  2 orc priests
  A sleepcap (D:5)
  An iguana (D:7)
  8 orc wizards
  8 adders
  11 gnolls
  A river rat (Sewer)
  A shadow imp (D:4)
  2 white imps
  3 worms
  5 dart slugs
  39 orcs
  6 ball pythons
  12 endoplasms
  6 giant cockroaches
  11 goblins
  12 hobgoblins
  13 jackals
  6 quokkas
  4 bats
  8 frilled lizards
  22 kobolds
  9 rats
288 creatures vanquished.

Vanquished Creatures (collateral kills)
  An electric eel (D:6)
  An orc priest (D:6)
  An iguana (D:6)
3 creatures vanquished.

Vanquished Creatures (others)
  220 foxfires
220 creatures vanquished.

Grand Total: 511 creatures vanquished

Notes
Turn   | Place    | Note
-------+----------+-------------------------------------------
     0 | D:1      | Spaninq the Draconian Fire Elementalist began the quest for
                  | the Orb.
     0 | D:1      | Reached XP level 1. HP: 14/14 MP: 3/3
   209 | D:1      | Reached XP level 2. HP: 20/20 MP: 1/5
   302 | D:1      | Learned a level 2 spell: Scorch
   993 | D:1      | Reached XP level 3. HP: 26/26 MP: 3/6
  2611 | D:3      | Reached XP level 4. HP: 33/33 MP: 0/7
  3022 | D:3      | Reached skill level 4 in Fire Magic
  4398 | D:4      | Reached XP level 5. HP: 8/38 MP: 0/9
  4591 | D:4      | Found a glowing drain.
  4595 | Sewer    | Entered a sewer
  5194 | Sewer    | Reached XP level 6. HP: 39/45 MP: 3/10
  5478 | D:4      | Reached skill level 5 in Fire Magic
  5917 | D:4      | Found a broken altar of Ashenzari.
  5930 | D:4      | Found a bloodstained altar of Trog.
  6085 | D:4      | Your scales start taking on a fiery red colour.
  6085 | D:4      | Reached skill level 6 in Fire Magic
  6085 | D:4      | Reached XP level 7. HP: 50/50 MP: 5/12
  6085 | D:4      | Gained mutation: Your flesh is heat resistant. (rF+) [Red
                  | Draconian growth]
  6139 | D:4      | Found a blossoming altar of Fedhas.
  6250 | D:4      | Found an ornate altar of the Wu Jian Council.
  6384 | D:4      | Found a shadowy altar of Dithmenos.
  6420 | D:5      | Entered Level 5 of the Dungeon
  6529 | D:5      | Reached skill level 5 in Conjurations
  6529 | D:5      | Reached skill level 7 in Fire Magic
  6572 | D:5      | Learned a level 4 spell: Flame Wave
  6575 | D:5      | Learned a level 2 spell: Blink
  6672 | D:5      | Noticed Eustachio
  6848 | D:5      | Killed Eustachio
  6849 | D:5      | Reached XP level 8. HP: 42/57 MP: 0/14
  7000 | D:5      | Reached skill level 8 in Fire Magic
  7190 | D:5      | Noticed Grinder
  7196 | D:5      | Killed Grinder
  7307 | D:5      | Found a staircase to the Ecumenical Temple.
  7316 | Temple   | Entered the Ecumenical Temple
  7333 | Temple   | Became a worshipper of Qazlal Stormbringer
  7554 | D:6      | Reached skill level 9 in Fire Magic
  7678 | D:6      | Reached skill level 5 in Spellcasting
  7966 | D:6      | Reached XP level 9. HP: 48/62 MP: 10/16
  8037 | D:6      | Found a basalt altar of Yredelemnul.
  8229 | D:6      | Found an iron altar of Okawaru.
  8532 | D:6      | Reached skill level 10 in Fire Magic
  8548 | D:6      | Reached skill level 1 in Fighting
  8684 | D:7      | Reached * piety under Qazlal
  8794 | D:7      | Identified the +1 robe of Resourcefulness {Harm rN+ Str+6
                  | Stlth+}
  9342 | D:7      | Identified the amulet of Acruwo {Reflect Harm Dex+3 SH+5}
  9506 | D:7      | Noticed a two-headed ogre
 10174 | D:8      | Noticed Grum
 10176 | D:8      | Reached skill level 11 in Fire Magic
 10468 | D:8      | Reached XP level 10. HP: 77/77 MP: 10/19
 10644 | D:8      | Reached ** piety under Qazlal
 10752 | D:8      | Found a staircase to the Lair.
 11038 | D:8      | Noticed a two-headed ogre
 11043 | D:8      | Killed a two-headed ogre
 11063 | D:8      | Reached skill level 12 in Fire Magic
 11260 | D:8      | Killed Grum
 11792 | D:9      | Noticed a two-headed ogre
 11808 | D:9      | Noticed a two-headed ogre
 12060 | D:9      | Reached skill level 10 in Conjurations
 12082 | D:9      | Learned a level 3 spell: Inner Flame
 12355 | D:9      | Killed a two-headed ogre
 12570 | D:9      | Reached skill level 5 in Fighting
 12709 | D:9      | Found a shimmering blue altar of Sif Muna.
 12763 | D:9      | Killed a two-headed ogre
 12764 | D:9      | Reached XP level 11. HP: 85/88 MP: 11/21
 12835 | D:10     | Entered Level 10 of the Dungeon
 12835 | D:10     | Found an opulent altar of Gozag.
 13192 | D:10     | Reached skill level 13 in Fire Magic
 13320 | D:10     | Reached *** piety under Qazlal
 13829 | D:10     | Reached skill level 1 in Invocations
 14228 | D:11     | Found a staircase to the Orcish Mines.
 14315 | D:11     | Noticed a two-headed ogre
 14335 | D:11     | Killed a two-headed ogre
 14565 | D:11     | Noticed a boulder beetle
 15220 | D:11     | Demolished by a boulder beetle

Illustrated notes

Levels and vault maps discovered:
D:1:      psy_arrival_dodecagon, layout_loops_corners
D:2:      layout_loops_corners, grunt_ministairs_10,
          hangedman_abyss_or_decor_lesser_grid, minmay_mini_jars
D:3:      layout_loops_corners, serial_forest, infiniplex_forest_lined_3,
          infiniplex_forest_fountain, infiniplex_forest_straight_1,
          infiniplex_forest_lined_1, infiniplex_forest_clump_diagonal,
          infiniplex_forest_lined_4_way, infiniplex_forest_zigzag_1,
          infiniplex_forest_clump_small, infiniplex_forest_lined_room_2,
          infiniplex_forest_end_2, minmay_misc_feat_room
D:4:      layout_rooms, nicolae_overflow_quartered_altars,
          mainiacjoe_overflow_catwalk,
          mainiacjoe_sewer_entry_somewhere_in_here_2
D:5:      layout_cave_pools, minmay_temple_entry_poolview, uniq_eustachio,
          uniq_grinder
D:6:      layout_cave_pools, mainiacjoe_overflow_alcove_4,
          mainiacjoe_overflow_24_doors, serial_bayou_lagoon_b
D:7:      minmay_angry_zag, layout_basic
D:8:      layout_layer_cave, david_lair_generic, minmay_manual_mares, uniq_grum
D:9:      layout_gridville, general_overflow_altar
D:10:     layout_loops_ring, mainiacjoe_overflow_chevrons
D:11:     layout_layer_cave, orc_0_dummy, minmay_misc_feat_four_crosses
Temple:   nicolae_temple_god_jail

Skill      XL: |  1  2  3  4  5  6  7  8  9 10 11 |
---------------+----------------------------------+-----
Conjurations   | 2 3 4 5 7 9 10 | 10.9
Fire Magic     | 4 6 7 9 11 12 13 | 13.3
Spellcasting   | 3 4 5 6 7 |  7.6
Fighting       | 3 5 6 |  6.3
Dodging        | 2 3 |  3.9
Invocations    | 2 |  2.2
Stealth        | |  1.7

Action                     |  1- 3 |  4- 6 |  7- 9 | 10-12 || total
---------------------------+-------+-------+-------+-------++-------
  Melee: Unarmed           |     3 |    21 |       |       ||    24
         Whip              |       |    25 |     8 |    12 ||    45
         Tailslap          |       |     3 |     1 |     3 ||     7
         Punch             |       |       |       |     1 ||     1
   Cast: Foxfire           |    78 |    37 |    14 |       ||   129
         Scorch            |     7 |    73 |   134 |   100 ||   314
         Flame Wave        |       |       |     4 |    28 ||    32
Ability: Breathe Fire      |       |       |    14 |     5 ||    19
    Use: Potion            |       |     1 |       |       ||     1
         Scroll            |       |       |    19 |     5 ||    24
 Armour: Skin              |    20 |    81 |    60 |    98 ||   259
  Dodge: Dodged            |    26 |    73 |    36 |    55 ||   190
  Block: Other             |       |       |     9 |    45 ||    54
         Reflection        |       |       |     2 |     9 ||    11

Table legend: (Time is in decaauts)
 A = Elapsed time spent in this place.
 B = Non-inter-level travel time spent in this place.
 C = Inter-level travel time spent in this place.
 D = Time resting spent in this place.
 E = Time spent auto-exploring this place.
 F = Levels seen in this place.
 G = Mean time per level.
                   A        B        C        D        E       F      G
               +--------+--------+--------+--------+--------+-----+--------+
         Total |  15355 |  14766 |    589 |   2221 |   9699 |  13 | 1181.2 |
       Dungeon |  14548 |  13971 |    577 |   1958 |   9446 |  11 | 1322.5 |
        Temple |     30 |     18 |     12 |      0 |      0 |   1 |   30.0 |
         Sewer |    776 |    776 |      0 |    263 |    252 |   1 |  776.0 |
               +--------+--------+--------+--------+--------+-----+--------+

Top non-repeatable levels by time:
     D:3: 1855 daAuts
    D:10: 1704 daAuts
     D:7: 1697 daAuts
     D:8: 1563 daAuts
     D:1: 1451 daAuts
     D:2: 1348 daAuts
     D:6: 1185 daAuts
     D:4: 1162 daAuts
     D:5: 994 daAuts
     D:9: 979 daAuts
   Sewer: 776 daAuts
    D:11: 605 daAuts
  Temple: 30 daAuts
